 BcadrenCrawl: Boulder Brew version 0.04.2-10-g17648f679b (webtiles) character file.

Game seed: 14010004917277138956, levelgen mode: deterministic

1063 diana the Skirmisher (level 7, -8/70 HPs) Golden Draconian Demigod. Began on May 1, 2021. Mangled by a slime creature (16 damage) ... on level 2 of the Dungeon. The game lasted 00:07:25 (1554 turns).

diana the Skirmisher (Golden Draconian Demigod)     Turns: 1554, Time: 00:07:25

Health: -8/70      AC:  7    Str: 17    XL:     7 ^: 177
Magic:  15/18      EV: 18    Int: 19    God:
Gold:   112        SH:  0    Dex: 13    Spells: 15/19 levels left

rFire    + . .     Vision   .   g - +2 short sword (elec)
rCold    + . .     Gourm    .     - Unarmed
rNeg     . . .     Faith    .   (armour unavailable)
rPois    +         Spirit   .   (helmet restricted)
rElec    .         Reflect  .   (no cloak)
rCorr    .         Harm     .   (no gloves)
MR       .....                  (no boots)
Stlth    ++........             (no amulet)
HPRegen  0.33/turn              h - ring of poison resistance
MPRegen  0.28/turn              i - ring of evasion

@: no status effects
A: no body armour, unfitting armour, high mp 1, cold-blooded, fire, ice and
poison enhancers 1, rF+, rC+, rPois, AC +7
a: Breathe Fire, Breathe Frost, Breathe Noxious Fumes


You were on level 2 of the Dungeon.
You were hungry.

You visited 1 branch of the dungeon, and saw 2 of its levels.

You collected 112 gold pieces.

Inventory:

Weapons
 g - a +2 short sword of electrocution (weapon)
Jewellery
 h - a ring of poison resistance (left hand)
 i - a ring of evasion (right hand)
Scrolls
 a - a scroll of teleportation
 d - a scroll of enchantment
 j - a scroll of fog
Potions
 c - a potion of might
 e - a potion of cancellation
 f - a potion of agility
Comestibles
 b - 3 rations


   Skills:
 + Level 6.8 Fighting
 - Level 2.4 Dodging
 - Level 1.3 Stealth
 - Level 1.7 Unarmed Combat
 + Level 6.8 Spellcasting
 + Level 3.7 Fire Magic
 + Level 2.2 Poison Magic


You had 15 spell levels left.
You knew the following spells:

 Your Spells              Type           Power        Failure   Level  Hunger
a - Flame Tongue          Fire           30 (30)      2%          1    None
b - Mephitic Cloud        Pois/Air       16 (100)     21%         3    ##.....

Your spell library contained the following spells:

 Spells                   Type           Power        Failure   Level  Hunger
 Conjure Flame            Fire           31 (100)     7%          3    ##.....
 Blink                    Tloc           N/A          16%         2    None
 Call Imp                 Summ           6 (100)      16%         2    None
 Slow                     Hex            6 (100)      16%         2    None


Dungeon Overview and Level Annotations

Branches:
Dungeon (2/8)

Annotations:
D:2 Pikel


Innate Abilities, Weirdness & Mutations

You cannot fit into any form of body armour.
Your imposing gold scales are resilient. (AC +7)
You can breathe your choice of flames, frost or noxious fumes.
You have an increased reservoir of magic. (+10% MP)
You are cold-blooded and may be slowed by cold attacks.
You are in touch with the powers of fire, ice and venom.
Your imposing gold scales grant you resistance to fire, cold and poison. (rF+, rC+, rPois)


Message History

Your Poison Magic skill increases to level 2!
The slime creature hits you (3).
You hit the slime creature (5).
Lightning courses through the slime creature (5).
You hit the slime creature (4).
The slime creature is heavily wounded. (26/59) HP The slime creature closely misses you (0).
The slime creature misses you (0). The slime creature blocks your attack.
You hit the slime creature (3).
The slime creature is heavily wounded. (24/59) HP The slime creature hits you (19)!!
The slime creature hits you (13)!
You hit the slime creature (1).
Lightning courses through the slime creature (8)!
You hit the slime creature (4).
The slime creature is severely wounded. (12/59) HP The slime creature hits you (16)!
* * * LOW HITPOINT WARNING * * *
The slime creature hits you but does no damage.
The slime creature hits you (16)!
You die...

#%)≈≈≈#≈≈≈≈≈...≈##
#≈†.###≈≈≈≈≈≈...#.
#≈≈≈##≈≈≈≈≈≈≈#≈≈#.
##≈≈≈#...≈.≈≈≈#≈##.
#≈≈≈##.≈...≈≈≈###≈≈
##....<†)≈≈.≈≈≈##...
##≈.....≈†≈†.>..≈....
##.≈JJ.≈#≈≈≈)≈≈≈......
#....@.≈#≈≈≈≈≈≈≈......
≈.≈≈........≈≈≈≈≈≈......
........≈≈.....≈≈≈≈#≈..#
.........#..≈≈..≈≈≈#####
#####.......≈≈≈≈≈≈≈#
##...#..≈≈≈≈≈b≈#
#.≈###.≈≈≈≈≈≈≈# ≈### ≈≈≈


You could see 2 slime creatures.

Vanquished Creatures
  A slime creature (D:2)
  A water moccasin (D:2)
  A crocodile (D:2)
  4 big kobolds (D:2)
  A jelly (D:2)
  3 giant cockroaches
  5 adders (D:2)
  28 sewer rats
  4 cinder newts
  A worm (D:2)
  8 oozes (D:2)
  2 dart slugs (D:1)
  5 ball pythons
  4 goblins (D:1)
  5 hobgoblins (D:1)
  15 kobolds
  5 bats (D:1)
  A goblin skeleton (D:2)
  A hobgoblin skeleton (D:2)
  A leopard gecko skeleton (D:2)
  An orc skeleton (D:2)
  6 rats (D:1)
  2 slaves (D:2)
105 creatures vanquished.

Vanquished Creatures (others)
  A big kobold (D:2)
  2 jellies (D:2)
  7 giant cockroaches (D:2)
  An adder (D:2)
  4 sewer rats (D:2)
  A worm (D:2)
  An ooze (D:2)
  3 bats (D:2)
  A bat skeleton (D:2)
  5 kobolds (D:2)
  A rat (D:2)
  A rat skeleton (D:2)
  3 giant blowflies (D:2)
  5 slimeheads (D:2)
  130 withered plants (D:2)
166 creatures vanquished.

Grand Total: 271 creatures vanquished

Notes
Turn   | Place    | Note
-------+----------+-------------------------------------------
     0 | D:1      | diana the Immature Draconian Demigod began the quest for
                  | the Orb.
     0 | D:1      | Reached XP level 1. HP: 18/18 MP: 3/3
    55 | D:1      | Reached XP level 2. HP: 26/26 MP: 3/5
    66 | D:1      | Reached XP level 3. HP: 32/33 MP: 4/7
   159 | D:1      | Found a shattered altar of Ashenzari.
   586 | D:2      | Noticed a big kobold
   588 | D:2      | Reached XP level 4. HP: 42/42 MP: 9/9
   610 | D:2      | HP: 2/44 [sewer rat (4)]
   711 | D:2      | Noticed a big kobold
   726 | D:2      | Killed a big kobold
   726 | D:2      | Reached XP level 5. HP: 22/50 MP: 7/12
   937 | D:2      | Noticed Pikel
   993 | D:2      | Noticed a water moccasin
  1000 | D:2      | Killed a water moccasin
  1000 | D:2      | Reached skill level 5 in Fighting
  1000 | D:2      | Reached skill level 5 in Spellcasting
  1000 | D:2      | Reached XP level 6. HP: 36/61 MP: 12/15
  1276 | D:2      | Your scales start taking on an imposing gold colour.
  1276 | D:2      | Reached XP level 7. HP: 68/69 MP: 17/17
  1276 | D:2      | Gained mutation: Your imposing gold scales grant you
                  | resistance to fire, cold and poison. (rF+, rC+, rPois)
                  | [Golden Draconian growth]
  1276 | D:2      | Gained mutation: You are in touch with the powers of fire,
                  | ice and venom. [Golden Draconian growth]
  1319 | D:2      | Learned a level 3 spell: Mephitic Cloud
  1410 | D:2      | Found a white marble altar of Elyvilon.
  1413 | D:2      | Reached skill level 1 in Poison Magic
  1554 | D:2      | Mangled by a slime creature

Levels and vault maps discovered:
D:1:      eino_arrival_druids_welcome, layout_cave_pools, first_ration,
          ashenzari_altar_1
D:2:      layout_sewer, nicolae_overflow_crystal_walls, lemuel_doored_altar,
          sewer_frog_spiral, minmay_door_square, uniq_pikel

Skill      XL: |  1  2  3  4  5  6  7 |
---------------+----------------------+-----
Fighting       | 2 3 4 5 6 |  6.8
Spellcasting   | 2 3 4 5 6 |  6.8
Fire Magic     | 2 3 |  3.7
Poison Magic   | 2 |  2.2
Dodging        | |  2.4
Stealth        | |  1.3
Unarmed Combat | |  1.7

Action                   |  1- 3 |  4- 6 |  7- 9 || total
-------------------------+-------+-------+-------++-------
Melee: Unarmed           |   110 |    59 |    40 ||   209
       Tailslap          |     5 |     6 |     9 ||    20
       Short sword       |       |    41 |    71 ||   112
 Cast: Flame Tongue      |       |    17 |    19 ||    36
  Use: Scroll            |       |     1 |       ||     1
 Stab: Sleeping          |     2 |       |     1 ||     3
  Eat: Chunk             |       |     1 |     1 ||     2
Armor: Skin              |    10 |    24 |    27 ||    61
Dodge: Dodged            |    25 |    67 |    75 ||   167
